 Dungeon Crawl Stone Soup version 0.23.2-33-g5129a83 (webtiles) character file.

Game seed: 6180195524137693690

37 Fortress the Firebug (level 3, -1/26 HPs)
             Began as a Draconian Fire Elementalist on Aug 6, 2019.
             Slain by an adder (2 damage)
             ... on level 2 of the Dungeon.
             The game lasted 00:04:25 (1362 turns).

Fortress the Firebug (Draconian Fire Elementalist)  Turns: 1362, Time: 00:04:29

Health: -1/26      AC:  5    Str: 10    XL:     3   Next: 23%
Magic:  0/6        EV: 12    Int: 16    God:
Gold:   51         SH:  0    Dex: 11    Spells: 5/6 levels left

rFire    . . .     SeeInvis .   d - +0 short sword
rCold    . . .     Gourm    .   (no shield)
rNeg     . . .     Faith    .   (armour unavailable)
rPois    .         Spirit   .   (helmet restricted)
rElec    .         Reflect  .   (no cloak)
rCorr    .         Harm     .   (no gloves)
MR       .....                  (no boots)
Stlth    ++........             (no amulet)
HPRegen  0.08/turn              (no ring)
MPRegen  0.10/turn              (no ring)

@: lethally poisoned (-1 -> -8)
A: unfitting armour, cold-blooded, AC +5
a: no special abilities


You were on level 2 of the Dungeon.
You were very hungry.

You visited 1 branch of the dungeon, and saw 2 of its levels.

You collected 51 gold pieces.

Inventory:

Hand Weapons
 d - a +0 short sword (weapon)
Missiles
 f - 16 poisoned needles
Jewellery
 m - a +3 ring of intelligence {unknown}
Scrolls
 e - 2 scrolls of remove curse {unknown}
 h - a scroll of fog {unknown}
 i - 3 scrolls of amnesia {unknown}
 j - a scroll of enchant weapon {unknown}
 k - a scroll of identify {unknown}
 l - a scroll of fear {unknown}
Potions
 a - 2 potions of haste {unknown}
 c - 2 potions of curing {unknown}
 g - 2 potions of heal wounds {unknown}
 n - 2 potions of brilliance {unknown}
Comestibles
 b - a ration


   Skills:
 + Level 2.2 Dodging
 + Level 1.8 Stealth
 + Level 2.3 Spellcasting
 + Level 1.5 Conjurations
 + Level 3.5 Fire Magic


You had 5 spell levels left.
You knew the following spells:

 Your Spells              Type           Power        Failure   Level  Hunger
a - Flame Tongue          Conj/Fire      ##...        7%          1    #......

Your spell library contained the following spells:

 Spells                   Type           Power        Failure   Level  Hunger
 Throw Flame              Conj/Fire      ##....       11%         2    ###....
 Conjure Flame            Conj/Fire      ##......     22%         3    ###....
 Inner Flame              Hex/Fire       #.......     28%         3    ###....
 Sticky Flame             Conj/Fire      ##......     56%         4    #####..
 Fireball                 Conj/Fire      ##........   89%         5    ######.


Dungeon Overview and Level Annotations

Branches:
Dungeon (2/15)

Altars:


Innate Abilities, Weirdness & Mutations

Your plain brown scales are hard. (AC +5)
You cannot fit into any form of body armour.
You are cold-blooded and may be slowed by cold attacks.


Message History

You are more poisoned.
The adder poisons you!
You hit the adder.
The adder is moderately wounded.
The adder misses you. The adder bites you but does no damage.
You closely miss the adder.
Your tail-slap misses the adder.
The adder is lightly wounded.
* * * LOW HITPOINT WARNING * * *
You feel sick. The adder barely misses you.
You barely miss the adder.
The adder is lightly wounded.
* * * LOW HITPOINT WARNING * * *
You feel sick. The adder barely misses you.
You hit the adder.
The adder is heavily wounded.
* * * LOW HITPOINT WARNING * * *
You feel sick. The adder bites you.
* * * LOW HITPOINT WARNING * * *
The adder bites you.
You die...

#.........## #.###.##<.#
#.# #.###.# # #.# #.#
#.# #. #.# #.# #.#
####.## #.###.###.#
....... #.........# #
###...)########.#...####
.......@...†...........'
###...S########.#...####
....... #.##.## #
....... #.....# .......
#####.# ....... #.#
....... #.# ....... #.#
#.#


You could see an adder.

Vanquished Creatures
  2 dart slugs
  4 leopard geckos
  5 bats
  A giant cockroach (D:1)
  3 goblins
  3 hobgoblins
  5 kobolds (D:1)
  A frilled lizard (D:2)
  5 rats
29 creatures vanquished.

Notes
Turn   | Place    | Note
-------+----------+-------------------------------------------
     0 | D:1      | Fortress the Draconian Fire Elementalist began the quest
                  | for the Orb.
     0 | D:1      | Reached XP level 1. HP: 14/14 MP: 3/3
   476 | D:1      | Reached XP level 2. HP: 20/20 MP: 1/5
   999 | D:2      | Found a faded altar of an unknown god.
  1062 | D:2      | Reached XP level 3. HP: 26/26 MP: 4/6
  1362 | D:2      | HP: 1/26 [adder (3)]
  1362 | D:2      | Slain by an adder

Skill      XL: |  1 |
---------------+----+-----
Dodging        | 2 |  2.2
Stealth        | |  1.8
Spellcasting   | |  2.3
Conjurations   | |  1.5
Fire Magic     | |  3.5

Action                   || total
-------------------------++-------
Melee: Unarmed           ||    10
       Short sword       ||    23
 Cast: Flame Tongue      ||    47
  Eat: Chunk             ||     1
Armor: Skin              ||    22
Dodge: Dodged            ||    51
